 Dungeon Crawl Stone Soup version 0.21.1-1-g345015f (webtiles) character file.

227 aMcNicky the Caller (level 6, -3/32 HPs)
             Began as a Tengu Summoner on Mar 12, 2018.
             Slain by a slave (8 damage)
             ... led by Pikel
             ... on level 5 of the Dungeon.
             The game lasted 00:16:50 (3955 turns).

aMcNicky the Caller (Tengu Summoner)                Turns: 3955, Time: 00:16:51

Health: -3/32      AC:  2    Str:  9    XL:     6   Next: 2%
Magic:  3/12       EV: 13    Int: 17    God:
Gold:   164        SH:  0    Dex: 14    Spells: 6/12 levels left

rFire    . . .     SeeInvis .   r - +0 spear
rCold    . . .     Gourm    .   (no shield)
rNeg     . . .     Faith    .   a - +0 robe
rPois    .         Spirit   .   (helmet restricted)
rElec    .         Reflect  .   (no cloak)
rCorr    .         Harm     .   (no gloves)
MR       .....                  (boots unavailable)
Stlth    ++........             (no amulet)
HPRegen  0.10/turn              (no ring)
MPRegen  0.13/turn              (no ring)

@: no status effects
A: beak, talons 3, able to fly 1
a: Fly


You were on level 5 of the Dungeon.
You were not hungry.

You visited 1 branch of the dungeon, and saw 5 of its levels.

You collected 164 gold pieces.

Inventory:

Hand Weapons
 e - a +0 dagger
 r - a +0 spear (weapon)
Armour
 a - a +0 robe (worn)
Jewellery
 f - a +3 ring of evasion {unknown}
 m - a +4 ring of dexterity {unknown}
 t - an uncursed ring of flight {unknown}
Wands
 u - a wand of flame (28)
Scrolls
 g - a scroll of amnesia {unknown}
 h - a scroll of enchant armour {unknown}
 k - 6 scrolls of identify {unknown}
 l - 3 scrolls of remove curse {unknown}
 o - 3 scrolls of fog {unknown}
 q - a scroll of random uselessness {unknown}
 s - 3 scrolls of teleportation {unknown}
Potions
 d - 2 potions of degeneration {unknown}
 i - 2 potions of curing {unknown}
 n - a potion of lignification {unknown}
Books
 b - a book of Callings

   Spells                             Type                      Level
   a - Summon Small Mammal            Summoning                    1
   b - Call Imp                       Summoning                    2
   c - Call Canine Familiar           Summoning                    3
   d - Summon Guardian Golem          Hexes/Summoning              3
   e - Summon Lightning Spire         Summoning/Air                4
   f - Summon Ice Beast               Ice/Summoning                4
 p - a book of Maledictions

   Spells                             Type                      Level
   a - Corona                         Hexes                        1
   b - Ensorcelled Hibernation        Hexes/Ice                    2
   c - Confuse                        Hexes                        3
   d - Tukima's Dance                 Hexes                        3
   e - Dazzling Spray                 Conjuration/Hexes            3
Comestibles
 c - 11 rations


   Skills:
 + Level 3.5 Dodging
 - Level 2.2 Stealth
 * Level 3.7 Spellcasting
 * Level 6.4 Summonings


You had 6 spell levels left.
You knew the following spells:

 Your Spells              Type           Power        Failure   Level  Hunger
a - Summon Small Mammal   Summ           ####         1%          1    None
b - Call Canine Familiar  Summ           ####....     3%          3    ###....
c - Call Imp              Summ           ####....     1%          2    ##.....


Dungeon Overview and Level Annotations

Branches:
Dungeon (5/15)
 Temple: D:4-7

Altars:
Dithmenos
Xom
The Shining One

Annotations:
D:5 Pikel


Innate Abilities, Weirdness & Mutations

You have a beak for a mouth.
You have claws for feet.
You can fly.


Message History

A shadowy apparition takes form in the air.
Your bat barely misses the slave.
The slave hits your rat.
Your rat closely misses the slave.
The slave hits you! The slave hits you.
Casting: Call Imp
Confirm with . or Enter, or press ? or * to list all spells.
Your bat hits the slave but does no damage.
The slave hits your rat.
Your rat dies!
Your rat's corpse disappears in a puff of smoke!
Your quokka bites the slave.
Your bat hits the slave but does no damage.
The slave closely misses your quokka. The slave hits you. The slave hits you!
* * * LOW HITPOINT WARNING * * *
Pikel hits your bat with a whip of electrocution.
Your bat dies!
Your bat's corpse disappears in a puff of smoke!
The slave closely misses your rat.
Your quokka barely misses the slave.
Your hound bites the slave.
Your rat misses the slave. The slave barely misses your quokka.
The slave hits you!
You die...

#####
########.....
##.....#.....#
##.......<.....
#.....p........
#....Kpr.......
#.....pr.......
#....hp@.......
#.......5......
##.............
##...[.#.....#
#############


You could see Pikel, 4 slaves, a friendly hound, a friendly shadow imp, a
friendly quokka and a friendly rat.

Vanquished Creatures
  Terence (D:3)
  2 adders
  An ooze (D:1)
  A leopard gecko (D:1)
  2 orcs (D:3)
  2 giant cockroaches
  A hobgoblin (D:1)
  2 ball pythons (D:1)
  10 bats
  4 frilled lizards
  A goblin (D:1)
  A kobold (D:2)
  5 rats
33 creatures vanquished.

Vanquished Creatures (collateral kills)
  An ogre (D:4)
  The ghost of letownia2 the Poker, an amateur MfSk (D:3)
  The ghost of letownia2 the Poker, a weakling MfSk (D:4)
  4 adders
  2 worms (D:2)
  A dart slug (D:1)
  4 orcs
  A giant cockroach (D:1)
  A goblin (D:2)
  5 hobgoblins
  4 jackals (D:3)
  4 quokkas
  3 bats
  4 frilled lizards (D:1)
  3 kobolds
  6 rats
45 creatures vanquished.

Grand Total: 78 creatures vanquished

Notes
Turn   | Place    | Note
-------+----------+-------------------------------------------
     0 | D:1      | aMcNicky the Tengu Summoner began the quest for the Orb.
     0 | D:1      | Reached XP level 1. HP: 10/10 MP: 4/4
   196 | D:1      | Reached skill level 5 in Summonings
   196 | D:1      | Reached XP level 2. HP: 13/15 MP: 4/6
  1021 | D:1      | Reached XP level 3. HP: 18/19 MP: 4/7
  1057 | D:1      | Learned a level 3 spell: Call Canine Familiar
  2213 | D:2      | Reached XP level 4. HP: 24/24 MP: 5/9
  2236 | D:2      | Learned a level 2 spell: Call Imp
  2387 | D:3      | Found a shadowy altar of Dithmenos.
  2520 | D:3      | Noticed Terence
  2529 | D:3      | Killed Terence
  2552 | D:3      | Noticed letownia2's ghost (amateur MfSk)
  2575 | D:3      | Killed letownia2's ghost
  2575 | D:3      | Reached skill level 6 in Summonings
  2575 | D:3      | Gained mutation: You can fly. [Tengu growth]
  2575 | D:3      | Reached XP level 5. HP: 25/28 MP: 4/10
  2997 | D:4      | Found a glowing golden altar of the Shining One.
  3046 | D:4      | Noticed letownia2's ghost (weakling MfSk)
  3076 | D:4      | Killed letownia2's ghost
  3301 | D:4      | Found a shimmering altar of Xom.
  3366 | D:4      | Noticed an ogre
  3377 | D:4      | Killed an ogre
  3771 | D:4      | Reached XP level 6. HP: 32/32 MP: 8/12
  3948 | D:5      | Entered Level 5 of the Dungeon
  3948 | D:5      | Noticed Pikel
  3948 | D:5      | Noticed a slave
  3948 | D:5      | Noticed a slave
  3948 | D:5      | Noticed a slave
  3948 | D:5      | Noticed a slave
  3955 | D:5      | Slain by a slave

Skill      XL: |  1  2  3  4 |
---------------+-------------+-----
Summonings     | 5 6 |  6.4
Spellcasting   | 3 |  3.7
Dodging        | 3 |  3.5
Stealth        | |  2.2

Action                   |  1- 3 |  4- 6 || total
-------------------------+-------+-------++-------
Melee: Dagger            |    65 |       ||    65
       Unarmed           |     4 |       ||     4
       Peck              |    12 |     6 ||    18
       Kick              |    12 |     4 ||    16
       Spear             |    10 |    77 ||    87
 Cast: Summon Small Mamm |    34 |    21 ||    55
       Call Canine Famil |    14 |     5 ||    19
       Call Imp          |       |    11 ||    11
 Stab: Distracted        |     1 |     3 ||     4
       Sleeping          |     5 |     5 ||    10
  Eat: Chunk             |     6 |     6 ||    12
       Ration            |       |     1 ||     1
Armor: Robe              |    25 |    11 ||    36
Dodge: Dodged            |    90 |    39 ||   129
